AoeStats
← nanakusa

Black Forest

508197912Analyzed
4v4 RM · 11d ago on Sep 21, 2026· 47m 15s· 8 players
Game mode
Random Map
Map size
Large (8 player)
Population
200
Speed
Normal
Resources
Standard
Victory
Conquest
Starting age
Dark Age
Ending age
Imperial Age
RankedLock teamsTeams togetherTeam positionsShared explorationLock speedFull tech treeHidden civsTurbo modeCheats
Victory
Defeat
🇩🇪 Celts · Germany
1664
+9
🇨🇭 Britons · Switzerland
1414
+19
🇻🇳 Byzantines · Vietnam
1394
+20
🇨🇳 Koreans · China
1385
+19
🇫🇷 Gurjaras · France
1509
-18
🇨🇿 Mongols · Czechia
1487
-17
🇯🇵 Ethiopians · Japan
1487
-17
🇨🇳 Georgians · China
1438
-15
nanakusa
4:09 Loom
10:46 Feudal Age
12:13 Wheelbarrow
14:57 Castle Age
13:59 Horse Collar
15:14 Fletching
15:24 Double-Bit Axe
17:11 Bow Saw
17:10 Heavy Plow
22:22 Gold Mining
28:49 Imperial Age
27:02 Bodkin Arrow
27:08 Padded Archer Armor
26:50 Crossbowman
27:58 Ballistics
28:27 Gold Shaft Mining
28:15 Thumb Ring
29:25 Hand Cart
30:42 Chemistry
30:33 Bracer
30:49 Leather Archer Armor
32:01 Two-Man Saw
32:36 Conscription
31:46 Arbalester
32:15 Elite Skirmisher
34:39 Ring Archer Armor
33:50 Onager
36:04 Siege Onager
38:21 Siege Engineers
40:03 Torsion Engines
45:31 Scale Barding Armor
46:29 Masonry
B.
10:16 Feudal Age
11:32 Double-Bit Axe
14:04 Castle Age
12:07 Horse Collar
13:01 Loom
16:11 Bow Saw
20:46 Wheelbarrow
20:00 Town Watch
20:00 Loom
23:29 Heavy Plow
23:20 Stone Mining
32:41 Imperial Age
30:29 Scale Mail Armor
30:39 Forging
31:29 Hand Cart
32:39 Chain Mail Armor
32:59 Iron Casting
34:24 Chemistry
34:02 Conscription
34:17 Conscription
34:24 Elite Chakram Thrower
40:17 Bloodlines
40:07 Husbandry
39:30 Elite Shrivamsha Rider
40:00 Light Cavalry
42:15 Scale Barding Armor
42:46 Iron Casting
43:23 Iron Casting
43:38 Chain Barding Armor
42:45 Hussar
风过无声
0:53 Loom
15:31 Feudal Age
19:35 Castle Age
17:57 Double-Bit Axe
19:06 Horse Collar
31:00 Wheelbarrow
33:21 Town Watch
36:53 Imperial Age
36:12 Guard Tower
36:18 Fletching
36:28 Padded Archer Armor
38:51 Chemistry
38:01 Bodkin Arrow
40:09 Ballistics
40:23 Bracer
42:01 Padded Archer Armor
42:40 Keep
43:53 Leather Archer Armor
43:38 Elite Skirmisher
DetectiveYemitoShumafuk
11:19 Feudal Age
12:28 Double-Bit Axe
14:55 Castle Age
13:02 Horse Collar
23:21 Heavy Plow
23:49 Stone Mining
25:04 Wheelbarrow
24:43 Gold Mining
25:02 Loom
26:33 Fletching
27:42 Hand Cart
31:04 Imperial Age
28:59 Bodkin Arrow
29:23 Padded Archer Armor
29:45 Ballistics
30:30 Masonry
31:21 Leather Archer Armor
31:05 Onager
31:49 Bracer
32:12 Conscription
32:15 Drill
32:58 Gold Shaft Mining
32:58 Stone Shaft Mining
33:21 Bow Saw
32:53 Elite Mangudai
33:47 Bloodlines
33:45 Husbandry
34:20 Parthian Tactics
36:01 Chemistry
36:46 Capped Ram
37:50 Siege Ram
39:08 Siege Onager
43:52 Thumb Ring
45:41 Murder Holes
45:52 Siege Engineers
46:05 Caravan
Mojo Jojo
0:31 Loom
11:25 Feudal Age
12:40 Double-Bit Axe
13:38 Horse Collar
14:42 Town Watch
18:32 Castle Age
17:19 Gold Mining
22:36 Bow Saw
23:45 Scale Mail Armor
29:21 Imperial Age
30:29 Wheelbarrow
30:57 Gold Shaft Mining
30:32 Heavy Plow
33:26 Capped Ram
34:24 Hand Cart
39:24 Siege Ram
41:02 Elite Woad Raider
42:05 Chain Mail Armor
44:11 Plate Mail Armor
44:22 Furor Celtica
45:18 Forging
47:12 Iron Casting
蒜香骨
6:37 Loom
8:38 Loom
10:30 Feudal Age
11:28 Double-Bit Axe
12:04 Horse Collar
17:19 Castle Age
16:49 Gold Mining
17:28 Fletching
18:52 Crossbowman
27:05 Thumb Ring
27:09 Bodkin Arrow
30:35 Bow Saw
34:36 Imperial Age
33:12 Wheelbarrow
33:49 Gold Shaft Mining
34:45 Hand Cart
34:16 Town Watch
34:35 Heavy Plow
35:17 Ballistics
36:24 Chemistry
35:26 Bracer
36:38 Two-Man Saw
35:18 Arbalester
35:39 Heavy Rocket Cart
36:56 Stone Mining
36:43 Elite Skirmisher
38:28 Husbandry
38:35 Light Cavalry
39:41 Scale Barding Armor
39:47 Forging
41:52 Hussar
43:17 Chain Barding Armor
46:57 Iron Casting
ChickenHunter
11:58 Feudal Age
13:02 Double-Bit Axe
13:03 Horse Collar
15:31 Castle Age
16:34 Bow Saw
16:26 Heavy Plow
18:32 Loom
20:27 Wheelbarrow
22:48 Hand Cart
22:29 Stone Mining
22:52 Gold Mining
24:56 Gold Shaft Mining
25:48 Town Watch
29:17 Imperial Age
26:40 Fletching
26:52 Padded Archer Armor
27:32 Bodkin Arrow
28:06 Ballistics
29:07 Leather Archer Armor
28:39 Treadmill Crane
29:10 Masonry
29:35 Yeomen
29:27 Elite Longbowman
30:17 Bracer
31:04 Conscription
32:16 Ring Archer Armor
32:53 Chemistry
32:24 Architecture
32:06 Siege Engineers
35:15 Architecture
37:20 Hoardings
38:10 Warwolf
41:10 Guilds
41:31 Coinage
41:02 Caravan
42:57 Banking
Melodies of Life
0:56 Loom
14:38 Feudal Age
20:03 Castle Age
18:27 Double-Bit Axe
19:05 Horse Collar
21:34 Bow Saw
31:24 Imperial Age
28:56 Fletching
30:02 Bodkin Arrow
30:21 Stone Mining
30:38 Gold Mining
31:56 Heavy Plow
32:35 Bracer
33:17 Conscription
35:51 Wheelbarrow
37:18 Hand Cart
38:13 Chemistry
37:35 Ballistics
37:19 Padded Archer Armor
38:42 Scale Mail Armor
38:53 Forging
39:41 Chain Mail Armor
38:51 Pikeman
39:32 Squires
39:18 Arson
39:27 Halberdier
42:07 Plate Mail Armor
42:13 Iron Casting
Connection lost

Rejoining the realm…

Still unreachable

The connection could not be restored.

Session expired

The server has moved on; the page needs a fresh start.